[ AOE2 MATCH · #508039931 ]
UnrankedEthiopians vs Huns
Player's team · LOSS
[ REPLAY ANALYSIS · EXTRACTED FROM THE RECORDED GAME ]
Feudal
8:51
Castle
—
Imperial
—
| APM avg | 67.7 |
| APM peak | 104 |
| eAPM avg | 26.2 |
| Villagers / military | 37 / 26 |
Focus
⚔️ 40.9% · 🌾 59.1%
Archer ×9 · Militia ×9 · Skirmisher ×7 · Spearman ×1
Feudal
8:56
Castle
—
Imperial
—
| APM avg | 60.4 |
| APM peak | 80 |
| eAPM avg | 20.4 |
| Villagers / military | 35 / 14 |
Focus
⚔️ 35.8% · 🌾 64.2%
Skirmisher ×13 · Spearman ×1
Match map
Initial resources + every placement click. Lines = walls · curves = elevation contours. ◆ gold · ⬟ stone · ● berries · ✦ relic · ◌ wall gap
Your base· Open — unwalled flank
Se7n's base· Open — unwalled flank
Smoothed initial terrain · ◌ = detected wall gap · hover for details
Inputs per minute
— VENÓN | Hyoga - - Se7n
Build order — VENÓN | Hyoga
106 actions detected in the replay
| 0:01 | Queue | Villager (Male) ×4 |
| 0:02 | Build | House |
| 0:03 | Build | House |
| 1:29 | Queue | Villager (Male) |
| 1:49 | Queue | Villager (Male) |
| 1:55 | Build | Lumber Camp |
| 2:22 | Queue | Villager (Male) |
| 2:22 | Queue | Villager (Male) |
| 2:50 | Queue | Villager (Male) |
| 2:51 | Queue | Villager (Male) |
| 2:52 | Queue | Villager (Male) |
| 2:58 | Build | House |
| 3:25 | Queue | Villager (Male) |
| 3:38 | Queue | Villager (Male) |
| 3:53 | Queue | Villager (Male) |
| 4:08 | Queue | Villager (Male) |
| 4:22 | Queue | Villager (Male) |
| 4:23 | Queue | Villager (Male) |
| 4:43 | Queue | Villager (Male) |
| 4:46 | Research | Loom |
| 5:09 | Build | Barracks |
| 6:05 | Build | House |
| 6:10 | Build | Palisade Wall |
| 6:11 | Build | Palisade Wall |
| 6:37 | Research | Feudal Age |
| 6:52 | Queue | Militia |
| 7:05 | Queue | Militia |
| 7:33 | Queue | Militia |
| 7:43 | Build | Mining Camp |
| 8:25 | Queue | Villager (Male) |
| 8:51 | Age | Feudal Age |
| 8:52 | Research | Man-at-Arms (upgrade) |
| 8:52 | Research | Man-at-Arms (upgrade) |
| 8:54 | Research | Double-Bit Axe |
| 8:56 | Build | Archery Range |
| 8:59 | Queue | Villager (Male) |
| 10:01 | Queue | Villager (Male) |
| 10:03 | Build | Mill |
| 10:05 | Build | House |
| 10:12 | Queue | Archer |
| 10:12 | Queue | Villager (Male) |
| 10:27 | Build | Palisade Wall |
| 10:32 | Build | Palisade Wall |
| 10:34 | Build | Palisade Wall |
| 10:37 | Queue | Archer |
| 10:38 | Queue | Villager (Male) |
| 10:53 | Build | Blacksmith |
| 11:04 | Queue | Archer |
| 11:08 | Build | Palisade Wall |
| 11:10 | Build | Palisade Wall |
| 11:17 | Queue | Villager (Male) |
| 11:24 | Queue | Archer |
| 11:39 | Queue | Archer |
| 11:45 | Build | House |
| 11:46 | Build | Palisade Wall |
| 11:48 | Build | Palisade Wall |
| 11:55 | Queue | Villager (Male) |
| 11:56 | Queue | Archer |
| 11:59 | Build | Farm |
| 12:01 | Build | Farm |
| 12:04 | Build | Farm |
| 12:23 | Queue | Archer |
| 12:24 | Queue | Villager (Male) |
| 12:47 | Queue | Spearman |
| 12:50 | Queue | Militia |
| 13:10 | Queue | Militia |
| 13:15 | Build | Farm |
| 13:16 | Build | Farm |
| 13:17 | Build | Farm |
| 13:22 | Queue | Villager (Male) |
| 13:39 | Queue | Archer |
| 13:42 | Build | House |
| 13:44 | Build | Palisade Wall |
| 13:45 | Queue | Villager (Male) |
| 13:55 | Build | Farm |
| 13:56 | Build | Farm |
| 13:57 | Queue | Villager (Male) |
| 14:07 | Queue | Villager (Male) |
| 14:24 | Queue | Militia |
| 14:29 | Queue | Skirmisher |
| 14:55 | Build | Farm |
| 14:59 | Queue | Skirmisher |
| 15:00 | Queue | Villager (Male) |
| 15:08 | Research | Scale Mail Armor |
| 15:09 | Research | Scale Mail Armor |
| 15:13 | Queue | Archer |
| 15:19 | Queue | Villager (Male) |
| 15:26 | Queue | Villager (Male) |
| 15:30 | Queue | Militia |
| 15:38 | Build | House |
| 15:41 | Build | Palisade Wall |
| 15:44 | Build | House |
| 15:45 | Build | House |
| 15:45 | Queue | Villager (Male) |
| 15:48 | Build | Farm |
| 16:17 | Queue | Skirmisher |
| 16:18 | Queue | Villager (Male) |
| 16:44 | Queue | Militia |
| 16:46 | Queue | Skirmisher |
| 16:59 | Queue | Militia |
| 17:00 | Queue | Skirmisher |
| 17:03 | Queue | Villager (Male) |
| 17:14 | Build | Archery Range |
| 17:17 | Queue | Skirmisher |
| 17:17 | Queue | Skirmisher |
| 17:27 | Queue | Villager (Male) |
Build order — Se7n
77 actions detected in the replay
| 0:02 | Queue | Villager (Male) |
| 0:02 | Queue | Villager (Male) |
| 0:19 | Queue | Villager (Male) |
| 1:15 | Queue | Villager (Male) |
| 1:15 | Queue | Villager (Male) |
| 1:35 | Queue | Villager (Male) |
| 2:04 | Queue | Villager (Male) |
| 2:18 | Build | Mill |
| 2:33 | Queue | Villager (Male) |
| 2:53 | Queue | Villager (Male) |
| 3:13 | Queue | Villager (Male) |
| 3:35 | Queue | Villager (Male) |
| 4:10 | Queue | Villager (Male) |
| 4:34 | Queue | Villager (Male) |
| 4:52 | Queue | Villager (Male) |
| 5:06 | Build | Lumber Camp |
| 5:24 | Queue | Villager (Male) |
| 5:35 | Queue | Villager (Male) |
| 6:16 | Research | Loom |
| 6:46 | Research | Feudal Age |
| 8:18 | Build | Barracks |
| 8:29 | Queue | Villager (Male) |
| 8:42 | Build | Palisade Gate |
| 8:56 | Age | Feudal Age |
| 8:58 | Queue | Villager (Male) |
| 9:08 | Build | Archery Range |
| 10:02 | Queue | Skirmisher |
| 10:04 | Queue | Villager (Male) |
| 10:06 | Build | Mill |
| 10:11 | Research | Double-Bit Axe |
| 10:22 | Queue | Villager (Male) |
| 10:37 | Build | Palisade Wall |
| 10:40 | Queue | Villager (Male) |
| 10:40 | Queue | Skirmisher |
| 10:45 | Research | Horse Collar |
| 11:03 | Queue | Skirmisher |
| 11:10 | Queue | Villager (Male) |
| 11:28 | Queue | Skirmisher |
| 11:46 | Queue | Villager (Male) |
| 11:48 | Build | Blacksmith |
| 11:58 | Queue | Skirmisher |
| 12:04 | Queue | Villager (Male) |
| 12:29 | Queue | Villager (Male) |
| 12:29 | Queue | Skirmisher |
| 12:33 | Build | Palisade Wall |
| 12:34 | Research | Fletching |
| 12:48 | Build | Farm |
| 12:49 | Build | Farm |
| 12:49 | Build | Farm |
| 12:52 | Queue | Villager (Male) |
| 13:09 | Queue | Skirmisher |
| 13:23 | Queue | Spearman |
| 13:37 | Queue | Villager (Male) |
| 13:41 | Queue | Skirmisher |
| 14:02 | Queue | Skirmisher |
| 14:02 | Queue | Villager (Male) |
| 14:11 | Build | Farm |
| 14:12 | Build | Farm |
| 14:12 | Build | Farm |
| 14:12 | Build | Farm |
| 14:12 | Build | Farm |
| 14:25 | Queue | Villager (Male) |
| 14:36 | Queue | Skirmisher |
| 14:40 | Build | Farm |
| 14:40 | Build | Farm |
| 14:58 | Build | Farm |
| 14:59 | Queue | Villager (Male) |
| 15:14 | Queue | Skirmisher |
| 15:35 | Queue | Villager (Male) |
| 15:39 | Build | Mining Camp |
| 15:51 | Queue | Skirmisher |
| 16:02 | Queue | Villager (Male) |
| 16:21 | Queue | Villager (Male) |
| 16:26 | Build | Stable |
| 16:44 | Queue | Skirmisher |
| 16:45 | Queue | Villager (Male) |
| 17:12 | Queue | Villager (Male) |
Match timeline
| 5:09 | VENÓN | Hyoga · first_building Barracks |
| 6:10 | VENÓN | Hyoga · wall_segment Palisade Wall x1 |
| 6:11 | VENÓN | Hyoga · wall_segment Palisade Wall x1 |
| 8:18 | Se7n · first_building Barracks |
| 8:51 | VENÓN | Hyoga · age_up feudal |
| 8:56 | VENÓN | Hyoga · first_building Archery Range |
| 8:56 | Se7n · age_up feudal |
| 9:08 | Se7n · first_building Archery Range |
| 10:27 | VENÓN | Hyoga · wall_segment Palisade Wall x5 |
| 10:32 | VENÓN | Hyoga · wall_segment Palisade Wall x1 |
| 10:34 | VENÓN | Hyoga · wall_segment Palisade Wall x10 |
| 10:37 | Se7n · wall_segment Palisade Wall x5 |
| 11:08 | VENÓN | Hyoga · wall_segment Palisade Wall x2 |
| 11:10 | VENÓN | Hyoga · wall_segment Palisade Wall x10 |
| 11:46 | VENÓN | Hyoga · wall_segment Palisade Wall x4 |
| 11:48 | VENÓN | Hyoga · wall_segment Palisade Wall x5 |
| 12:33 | Se7n · wall_segment Palisade Wall x5 |
| 13:44 | VENÓN | Hyoga · wall_segment Palisade Wall x7 |
| 15:41 | VENÓN | Hyoga · wall_segment Palisade Wall x2 |
| 16:26 | Se7n · first_building Stable |
| 17:38 | VENÓN | Hyoga · resign |
[ AI ANALYSIS · 1 CREDIT ]
What really happened in this match?
Wolo.gg analyzes every decision: build order, eco, micro, common mistakes by bracket. Personalized analysis on WhatsApp or Discord in 30 seconds.
Civ guide
Ethiopians
Perfil
Jugador #2506886